 Dungeon Crawl Stone Soup version 0.30-a0-722-g3e6e8c874d (webtiles) character file.

Game seed: 15605812287913673787

2677 browni3141 the Grappler (level 9, -5/132 HPs)
             Began as a Troll Berserker on Jan 27, 2023.
             Was a High Priest of Trog.
             Slain by a killer bee (7 damage)
             ... on level 7 of the Dungeon.
             The game lasted 00:06:58 (5352 turns).

browni3141 the Grappler (Troll Berserker)           Turns: 5352, Time: 00:06:59

Health: -5/132     AC:  4    Str: 31    XL:     9   Next: 37%
Magic:  8/8        EV: 11    Int:  3    God:    Trog [*****.]
Gold:   203        SH:  0    Dex:  9    Spells: 8/8 levels left

rFire   . . .      SeeInvis .      - Unarmed
rCold   . . .      Faith    .    (no shield)
rNeg    . . .      Spirit   .    a - +0 animal skin
rPois   .          Reflect  .    (helmet restricted)
rElec   .          Harm     .    (no cloak)
rCorr   .          Rampage  .    (gloves unavailable)
Will    ++...                    (boots unavailable) Stlth
                                 (no amulet)
HPRegen 2.22/turn                (no ring)
MPRegen 0.11/turn                (no ring)

@: berserking, lethally poisoned (-5 -> -5), strong-willed, regenerating, very
quick
A: large, unfitting armour, claws 3, regeneration 1, shaggy fur 1, tough skin 1
a: Renounce Religion, Berserk, Trog's Hand, Brothers in Arms


You were on level 7 of the Dungeon.
You worshipped Trog.
Trog was extremely pleased with you.
You visited 1 branch of the dungeon, and saw 7 of its levels.
You also visited: Sewer.

You collected 233 gold pieces.
You spent 30 gold pieces at shops.

Inventory:

Missiles
 c - 40 stones
 k - 11 boomerangs
 r - 42 poisoned darts (quivered)
 H - 2 curare-tipped darts
 J - 2 datura-tipped darts
Armour
 a - a +0 animal skin (worn)
 q - a +0 tower shield
Jewellery
 w - a ring of ice
 z - a ring of ice
Wands
 B - a wand of acid (7)
 I - a wand of polymorph (18)
Scrolls
 b - 5 scrolls of enchant armour {unknown}
 d - 2 scrolls of immolation {unknown}
 f - 3 scrolls of poison {unknown}
 g - 3 scrolls of fear {unknown}
 h - 7 scrolls of identify {unknown}
 l - 9 scrolls of teleportation {unknown}
 n - a scroll of silence {unknown}
 o - a scroll of enchant weapon {unknown}
 p - a scroll of brand weapon {unknown}
 v - a scroll of amnesia {unknown}
 y - 3 scrolls of magic mapping {unknown}
 A - a scroll of torment {unknown}
 C - 3 scrolls of vulnerability {unknown}
Potions
 e - a potion of ambrosia {unknown}
 i - 3 potions of curing {unknown}
 j - 2 potions of heal wounds {unknown}
 m - 4 potions of haste {unknown}
 s - 2 potions of attraction
 t - 2 potions of lignification {unknown}
 u - 2 potions of flight {unknown}
 x - 2 potions of might {unknown}
 D - 2 potions of invisibility {unknown}
 E - a potion of mutation {unknown}
 F - a potion of brilliance {unknown}
 G - a potion of resistance {unknown}


   Skills:
 + Level 5.1 Fighting
 * Level 3.8 Throwing
 * Level 3.4 Armour
 + Level 5.1 Dodging
 - Level 1.0 Stealth
 * Level 8.5 Unarmed Combat


You had 8 spell levels left.
You didn't know any spells.
Your spell library was empty.

Dungeon Overview and Level Annotations

Branches:
Dungeon (7/15)             Temple (0/1) D:5           Sewer (visited)

Altars:
Hepliaklqana
Kikubaaqudgha
Qazlal
Ru
Vehumet

Shops:
D:5 *


Innate Abilities, Weirdness & Mutations

You are too large for most types of armour.
You have claws for hands.
Your natural rate of healing is unusually fast.
You are covered in fur. (AC +1)
You have tough skin. (AC +1)


Message History

You feel strong-willed.
You feel very sick. The killer bee closely misses you.
The killer bee stings you.
* * * LOW HITPOINT WARNING * * *
You are more poisoned.
The killer bee poisons you!
A red film seems to cover your vision as you go berserk!
You feel yourself moving faster!
You feel mighty!
You feel very sick. The killer bee barely misses you.
The killer bee stings you.
* * * LOW HITPOINT WARNING * * *
You barely miss the killer bee. Your claw misses the killer bee.
You feel sick. The killer bee closely misses you.
You scratch the killer bee.
The killer bee is lightly wounded.
You feel sick. The killer bee stings you.
* * * LOW HITPOINT WARNING * * *
You completely miss the killer bee.
The killer bee is lightly wounded.
You feel sick. The killer bee stings you.
* * * LOW HITPOINT WARNING * * *
You are more poisoned.
The killer bee poisons you!
You closely miss the killer bee.
The killer bee is lightly wounded.
You feel sick.
The killer bee stings you but does no damage.
The killer bee stings you!
* * * LOW HITPOINT WARNING * * *
You claw the killer bee!
The killer bee is heavily wounded.
You feel sick. The killer bee stings you.
* * * LOW HITPOINT WARNING * * *
You barely miss the killer bee.
The killer bee is heavily wounded.
You feel sick. The killer bee barely misses you.
You closely miss the killer bee. Your claw misses the killer bee.
The killer bee is heavily wounded.
You feel sick. The killer bee stings you!
You die...

.. ### ?...Y..
.. .. .?.....
#.#.##.#.......
..y.y..$.......
#.†.......
##(.......
#Y####### #y###
#.@.####
###....###
####...# ###.##
#..# ##.# ###
#.# #.. #.# #..
#.### #..


You could see a sky beast and a killer bee.

Vanquished Creatures
  A steam dragon (D:7)
  Menkaure (D:6)
  Edmund (D:4)
  An ice beast (D:7)
  A black bear (D:5)
  An ogre (D:5)
  A centaur (D:6)
  5 kobold brigands
  A necrophage (D:4)
  9 scorpions
  2 killer bees (D:7)
  A howler monkey (D:6)
  4 orc priests
  5 hounds
  A jelly (D:6)
  3 orc wizards
  Terence (D:3)
  5 iguanas
  12 adders
  A shadow imp (D:7)
  A white imp (D:6)
  An ufetubus (D:5)
  A worm (D:2)
  A dart slug (D:1)
  13 orcs
  14 ball pythons
  11 bats
  4 endoplasms
  9 giant cockroaches
  7 goblins
  4 hobgoblins
  9 jackals
  5 quokkas
  3 frilled lizards
  29 kobolds
  23 rats
192 creatures vanquished.

Vanquished Creatures (collateral kills)
  A water moccasin (D:7)
  A killer bee (D:7)
2 creatures vanquished.

Vanquished Creatures (others)
  A killer bee (D:7)
  10 fungi
  3 plants
  4 toadstools (D:5)
  A withered plant (D:3)
19 creatures vanquished.

Grand Total: 213 creatures vanquished

Notes
Turn   | Place    | Note
-------+----------+-------------------------------------------
     0 | D:1      | browni3141 the Troll Berserker began the quest for the Orb.
     0 | D:1      | Reached XP level 1. HP: 22/22 MP: 0/0
   197 | D:1      | Reached skill level 1 in Stealth
   197 | D:1      | Reached XP level 2. HP: 29/29 MP: 1/1
   602 | D:2      | Reached XP level 3. HP: 36/36 MP: 2/2
   738 | D:2      | Reached ** piety under Trog
   952 | D:2      | Found a hazy altar of Hepliaklqana.
  1205 | D:2      | Found a faded altar of an unknown god.
  1327 | D:3      | Found an ancient bone altar of Kikubaaqudgha.
  1430 | D:3      | Reached XP level 4. HP: 43/44 MP: 3/3
  1446 | D:3      | Noticed Terence
  1456 | D:3      | Killed Terence
  1457 | D:3      | Reached skill level 4 in Unarmed Combat
  1623 | D:3      | Reached XP level 5. HP: 53/53 MP: 4/4
  2112 | D:4      | Reached skill level 5 in Unarmed Combat
  2171 | D:4      | Reached XP level 6. HP: 52/61 MP: 5/5
  2227 | D:4      | Noticed Edmund
  2238 | D:4      | Killed Edmund
  2248 | D:4      | Found a hazy altar of Hepliaklqana.
  2935 | D:5      | Entered Level 5 of the Dungeon
  3078 | D:5      | Reached XP level 7. HP: 67/68 MP: 6/6
  3137 | D:5      | Reached skill level 6 in Unarmed Combat
  3278 | D:5      | Found Ybbi's CLEARANCE SALE!.
  3331 | D:5      | Reached *** piety under Trog
  3423 | D:5      | Reached skill level 7 in Unarmed Combat
  3456 | D:5      | Found a glowing drain.
  3463 | Sewer    | Entered a sewer
  3502 | Sewer    | Reached XP level 8. HP: 58/79 MP: 7/7
  3714 | Sewer    | Reached skill level 1 in Throwing
  3719 | Sewer    | Reached **** piety under Trog
  4127 | D:5      | Found a staircase to the Ecumenical Temple.
  4248 | D:5      | Reached skill level 1 in Armour
  4285 | D:5      | Bought a potion of attraction for 12 gold pieces
  4285 | D:5      | Bought 5 datura-tipped darts for 18 gold pieces
  4537 | D:6      | Found a radiant altar of Vehumet.
  4576 | D:6      | Noticed Menkaure
  4580 | D:6      | Killed Menkaure
  4875 | D:6      | Reached skill level 8 in Unarmed Combat
  4895 | D:6      | Reached XP level 9. HP: 87/87 MP: 8/8
  5016 | D:6      | Found a stormy altar of Qazlal.
  5027 | D:6      | Reached skill level 5 in Fighting
  5027 | D:6      | Reached skill level 5 in Dodging
  5104 | D:6      | Found a sacrificial altar of Ru.
  5218 | D:7      | Reached ***** piety under Trog
  5350 | D:7      | HP: 3/132 [killer bee (5)]
  5352 | D:7      | Slain by a killer bee

Illustrated notes

Levels and vault maps discovered:
D:1:      heliophobic_arrival_glass_houses, layout_rooms, minmay_crystal_water,
          hex_medium, hangedman_decor_points
D:2:      minmay_general_purpose_star, layout_rooms,
          shapermc_ecumenical_altar_acropolis, basic_altar
D:3:      layout_loops_cross, kiku_gazebo_garden_becter, uniq_terence
D:4:      layout_cave_pods, mainiacjoe_overflow_alcove_4, uniq_edmund
D:5:      layout_loops_corners, minmay_temple_entry_arrows,
          gup_sewer_entry_spiral, minmay_misc_feat_encased,
          minmay_gold_behind_fungi, nicolae_shop_clearance
D:6:      old_forge, layout_basic, nicolae_ru_path_of_blood,
          nicolae_qazlal_eye_of_the_storm, fiery_altar_vehumet, uniq_menkaure
D:7:      layout_basic

Skill      XL: |  1  2  3  4  5  6  7  8  9 |
---------------+----------------------------+-----
Stealth        | 1 |  1.0
Unarmed Combat | 4 5 7 8 |  8.5
Fighting       | 3 4 5 |  5.1
Dodging        | 3 4 5 |  5.1
Throwing       | 3 |  3.8
Armour         | 2 3 |  3.4

Action                     |  1- 3 |  4- 6 |  7- 9 || total
---------------------------+-------+-------+-------++-------
  Melee: Unarmed           |    78 |   135 |   272 ||   485
         Punch             |     1 |     3 |     9 ||    13
  Throw: Stone             |     5 |     2 |     4 ||    11
         Dart              |       |       |     3 ||     3
 Invoke: Berserk           |       |     2 |     3 ||     5
         Trog's Hand       |       |       |     1 ||     1
  Evoke: Wand              |       |       |     3 ||     3
   Stab: Sleeping          |       |     2 |       ||     2
 Armour: Animal skin       |    30 |    31 |    96 ||   157
  Dodge: Dodged            |    30 |    67 |   137 ||   234

Table legend: (Time is in decaauts)
 A = Elapsed time spent in this place.
 B = Non-inter-level travel time spent in this place.
 C = Inter-level travel time spent in this place.
 D = Time resting spent in this place.
 E = Time spent auto-exploring this place.
 F = Levels seen in this place.
 G = Mean time per level.
                   A        B        C        D        E       F      G
               +--------+--------+--------+--------+--------+-----+--------+
         Total |   5328 |   5167 |    161 |     17 |   3764 |   8 |  666.0 |
       Dungeon |   4822 |   4661 |    161 |     16 |   3504 |   7 |  688.9 |
         Sewer |    506 |    506 |      0 |      1 |    260 |   1 |  506.0 |
               +--------+--------+--------+--------+--------+-----+--------+

Top non-repeatable levels by time:
     D:5: 961 daAuts
     D:4: 935 daAuts
     D:3: 775 daAuts
     D:6: 715 daAuts
     D:2: 682 daAuts
     D:1: 548 daAuts
   Sewer: 506 daAuts
     D:7: 205 daAuts
